 Dungeon Crawl Stone Soup version 0.28.0-43-g3370ac3207 (webtiles) character file.

Game seed: 11926324522215524901

3343 pkoi the Grappler (level 9, -7/93 HPs)
             Began as a Troll Monk on Mar 23, 2022.
             Mangled by a manticore (23 damage)
             ... on level 7 of the Dungeon.
             The game lasted 00:08:16 (6649 turns).

pkoi the Grappler (Troll Monk)                      Turns: 6649, Time: 00:08:17

Health: -7/93      AC:  4    Str: 21    XL:     9   Next: 72%
Magic:  8/8        EV: 10    Int: 10    God:
Gold:   324        SH:  0    Dex: 12    Spells: 4/8 levels left

rFire   . . .      SeeInvis .     - Unarmed
rCold   . . .      Faith    .   (no shield)
rNeg    . . .      Spirit   .   a - +0 robe
rPois   .          Reflect  .   (helmet restricted)
rElec   .          Harm     .   (no cloak)
rCorr   .          Rampage  .   (gloves unavailable)
Will    .....                   (boots unavailable)
Stlth   ++........              g - amulet of magic regeneration
HPRegen 1.05/turn               f - ring of wizardry
MPRegen 0.51/turn               p - ring of wizardry

@: spiked
A: large, unfitting armour, claws 3, regeneration 1, shaggy fur 1, tough skin 1
a: no special abilities


You were on level 7 of the Dungeon.
You visited 2 branches of the dungeon, and saw 8 of its levels.
You also visited: Sewer.

You collected 324 gold pieces.

Inventory:

Armour
 a - a +0 robe (worn)
Jewellery
 b - a ring of flight
 f - a ring of wizardry (left claw)
 g - an amulet of magic regeneration (around neck)
 p - a ring of wizardry (right claw)
 q - a ring of fire
Wands
 c - a wand of polymorph (7)
 i - a wand of charming (14)
 u - a wand of iceblast (7)
Scrolls
 d - a scroll of amnesia
 e - 3 scrolls of teleportation
 l - a scroll of enchant armour {unknown}
 o - a scroll of noise {unknown}
Potions
 h - a potion of flight
 j - 4 potions of berserk rage
 k - a potion of magic {unknown}
 m - 2 potions of curing
 n - a potion of heal wounds {unknown}
 s - a potion of might


   Skills:
 + Level 7.1 Fighting
 - Level 2.4 Dodging
 - Level 1.0 Stealth
 * Level 11.7 Unarmed Combat


You had 4 spell levels left.
You knew the following spells:

 Your Spells              Type           Power      Damage    Failure   Level
a - Petrify               Tmut/Erth      0%         N/A       65%         4

Your spell library contained the following spells:

 Spells                   Type           Power      Damage    Failure   Level
 Ensorcelled Hibernation  Hex/Ice        0%         N/A       16%         2
 Passwall                 Tmut/Erth      0%         N/A       16%         2
 Sublimation of Blood     Necr           0%         N/A       16%         2
 Swiftness                Air            0%         N/A       28%         3
 Irradiate                Conj/Tmut      0%         3d13      92%         5


Dungeon Overview and Level Annotations

Branches:
Dungeon (7/15)             Temple (1/1) D:6           Sewer (visited)

Altars:
Ashenzari
Dithmenos
Elyvilon
Fedhas
Gozag
Hepliaklqana
Kikubaaqudgha
Makhleb
Nemelex Xobeh
Okawaru
Qazlal
Ru
Sif Muna
Trog
Xom
The Shining One

Shops:
D:7 =


Innate Abilities, Weirdness & Mutations

You are too large for most types of armour.
You have claws for hands.
Your natural rate of healing is unusually fast.
You are covered in fur. (AC +1)
You have tough skin. (AC +1)


Message History

A manticore comes into view.
The manticore flicks its tail.
The volley of spikes hits you!
The barbed spikes become lodged in your body.
A manticore is nearby!
A manticore is nearby!
The barbs in your skin will harm you if you move.
Continue? [Y]es or [N]o only, please.
The barbs in your skin will harm you if you move.
Continue?
The barbed spikes dig painfully into your body as you move.
The manticore flicks its tail.
The volley of spikes hits you!
The barbed spikes become lodged in your body.
* * * LOW HITPOINT WARNING * * *
The barbed spikes dig painfully into your body as you move.
* * * LOW HITPOINT WARNING * * *
The manticore bites you!
* * * LOW HITPOINT WARNING * * *
The manticore claws you.
* * * LOW HITPOINT WARNING * * *
The manticore misses you.
You mangle the manticore!! Your claw misses the manticore.
The manticore is heavily wounded.
The manticore bites you!
* * * LOW HITPOINT WARNING * * *
The manticore barely misses you. The manticore closely misses you.
Unknown command.
You mangle the manticore!!
The manticore is severely wounded.
Unknown command.
You scratch the manticore.
The manticore is almost dead.
The manticore misses you. The manticore claws you!
* * * LOW HITPOINT WARNING * * *
The manticore closely misses you.
Unknown command.
You scratch the manticore.
The manticore is almost dead.
The manticore bites you!!
You die...

<....#######...#
#.#.# ##.#.
###### #####
#.#.# #.### #
#.#.# ##.#. #
#.#.# ##.# #
#.#.# ###.#
##### #.#.#
#...# ....#
#.### ###.#
##########. #.#
# #.#
#..@H...... #)#
#.# #.#####....
#.# #.# #.# #
#.# ###.#####
#.# #.#
...#....# #.#
#.# ###.###.#
#.# #.# #.# #.#
#.# #.### ##.#
#.# #.# #....
#..#
#.######.###
#######


You could see a manticore.

Vanquished Creatures
  A two-headed ogre (D:7)
  Joseph (D:7)
  A wraith (D:5)
  A wyvern (D:7)
  A steam dragon (D:6)
  An ice beast (D:6)
  A black bear (D:6)
  A sky beast (D:5)
  4 necrophages
  2 ogres
  A centaur (D:5)
  A phantom (D:4)
  A kobold brigand (D:6)
  A gnoll sergeant (D:6)
  A scorpion (D:5)
  A water moccasin skeleton (D:4)
  A crimson imp (D:4)
  2 jellies
  4 bullfrog skeletons
  A gnoll shaman (D:3)
  An orc priest (D:2)
  3 hounds
  Natasha (thrice) (D:2)
  2 centaur skeletons
  An orc wizard (D:3)
  A scorpion zombie (D:5)
  2 howler monkey zombies
  Robin (D:3)
  8 gnolls
  9 adders
  A river rat (Sewer)
  2 shadow imps
  An adder skeleton (D:4)
  5 worms
  11 orcs
  12 ball pythons
  A bat (D:1)
  4 endoplasms (D:2)
  7 giant cockroaches
  8 goblins
  8 hobgoblins
  14 jackals
  4 quokkas
  8 frilled lizards
  5 kobolds
  8 rats
158 creatures vanquished.

Notes
Turn   | Place    | Note
-------+----------+-------------------------------------------
     0 | D:1      | pkoi the Troll Monk began the quest for the Orb.
     0 | D:1      | Reached XP level 1. HP: 22/22 MP: 0/0
    84 | D:1      | Reached XP level 2. HP: 28/29 MP: 1/1
   195 | D:1      | Found a faded altar of an unknown god.
   571 | D:2      | Reached XP level 3. HP: 36/36 MP: 2/2
   583 | D:2      | Noticed Natasha
   585 | D:2      | Killed Natasha
   586 | D:2      | Reached skill level 4 in Unarmed Combat
   660 | D:2      | Reached XP level 4. HP: 45/45 MP: 3/3
   679 | D:2      | Noticed Natasha
   686 | D:2      | Killed Natasha
   989 | D:2      | Reached skill level 5 in Unarmed Combat
  1138 | D:2      | Noticed Natasha
  1144 | D:2      | Killed Natasha
  1145 | D:2      | Reached XP level 5. HP: 53/53 MP: 4/4
  1302 | D:3      | Noticed Robin
  1306 | D:3      | Killed Robin
  1873 | D:3      | Reached XP level 6. HP: 24/62 MP: 5/5
  1876 | D:3      | Reached skill level 6 in Unarmed Combat
  2219 | D:4      | You fall into a shaft and drop 1 floor!
  2219 | D:5      | Entered Level 5 of the Dungeon
  2252 | D:5      | Found a glowing drain.
  2271 | Sewer    | Entered a sewer
  2561 | D:5      | Noticed a wraith
  2581 | D:5      | Killed a wraith
  2582 | D:5      | Reached skill level 7 in Unarmed Combat
  2582 | D:5      | Reached XP level 7. HP: 52/71 MP: 6/6
  2603 | D:5      | Learned a level 4 spell: Petrify
  2690 | D:5      | Found a glowing golden altar of the Shining One.
  2762 | D:5      | Reached skill level 8 in Unarmed Combat
  3034 | D:5      | Reached skill level 5 in Fighting
  3034 | D:5      | Reached XP level 8. HP: 58/80 MP: 7/7
  3927 | D:4      | Found a shimmering altar of Xom.
  3927 | D:4      | Found a burning altar of Makhleb.
  3935 | D:4      | Reached skill level 9 in Unarmed Combat
  4310 | D:6      | Found a bloodstained altar of Trog.
  4972 | D:6      | Found a staircase to the Ecumenical Temple.
  5003 | Temple   | Entered the Ecumenical Temple
  5385 | D:6      | Reached skill level 10 in Unarmed Combat
  5440 | D:6      | Reached XP level 9. HP: 78/89 MP: 8/8
  5702 | D:7      | Identified the +5 war axe of Natonyag {antimagic, rPois
                  | Int+3 Dex+4}
  5739 | D:7      | Found Demoater's Jewellery Boutique.
  5750 | D:7      | Noticed a two-headed ogre
  5770 | D:7      | Killed a two-headed ogre
  5771 | D:7      | Reached skill level 11 in Unarmed Combat
  6122 | D:7      | Noticed Joseph
  6135 | D:7      | Killed Joseph
  6643 | D:7      | Noticed a manticore
  6649 | D:7      | Mangled by a manticore

Illustrated notes

Levels and vault maps discovered:
D:1:      lemuel_arrival_behind_the_door_large, layout_basic,
          ebering_ecumenical_altar_box
D:2:      layout_loops_cross, uniq_natasha
D:3:      layout_basic, amcnicky_mini_rare_corridor_liquid, uniq_robin
D:4:      layout_basic, grunt_temple_overflow_champion_of_chaos
D:5:      wander_river, layout_basic, tso_altar, portal_sewer_entry_f
D:6:      layout_cave_pools, mainiacjoe_overflow_24_doors,
          minmay_temple_entry_offerings
D:7:      layout_loops_ring, serial_shops,
          nicolae_shop_temple_entry_statues_fountains, uniq_joseph
Temple:   minmay_temple_forest_path

Skill      XL: |  1  2  3  4  5  6  7  8  9 |
---------------+----------------------------+-----
Fighting       | 3 4 5 6 7 |  7.1
Unarmed Combat | 4 5 7 8 10 11 | 11.7
Dodging        | |  2.4
Stealth        | |  1.0

Action                   |  1- 3 |  4- 6 |  7- 9 || total
-------------------------+-------+-------+-------++-------
Melee: Unarmed           |    67 |   184 |   191 ||   442
       Punch             |     2 |    11 |     9 ||    22
  Use: Potion            |       |     3 |       ||     3
       Scroll            |       |       |    13 ||    13
 Stab: Sleeping          |     1 |     4 |     4 ||     9
       Invisible         |       |     4 |       ||     4
Armor: Robe              |    21 |    47 |    40 ||   108
       Skin              |       |    18 |       ||    18
Dodge: Dodged            |    27 |    89 |    87 ||   203
